 Dungeon Crawl Stone Soup version 0.17-a0-2127-g1cb09f6 (webtiles) character file.

49 fredomojojo the Insei (level 4, -4/33 HPs)
             Began as a Human Transmuter on Oct 23, 2015.
             Slain by Natasha (5 damage)
             ... on level 2 of the Dungeon.
             The game lasted 00:27:24 (1566 turns).

fredomojojo the Insei (Human Transmuter)            Turns: 1566, Time: 00:27:26

Health: -4/33      AC:  5    Str: 11    XL:     4   Next: 1%
Magic:  6/7        EV: 12    Int: 14    God:
Gold:   127        SH:  0    Dex: 13    Spells: 2 memorised, 4 levels left

rFire  . . .     SeeInvis .       - Unarmed
rCold  . . .     Clarity  .     i - +0 robe
rNeg   . . .     SustAt   .     (no shield)
rPois  .         Gourm    .     (no helmet)
rElec  .         Spirit   .     (no cloak)
rCorr  .         Warding  .     (no gloves)
rMut   .         Stasis   .     (boots currently unavailable)
MR     .....                    (no amulet)
Stlth  +.........               (no ring)
                                r - +3 ring of protection

@: appendage (expiring), slowed, very slow, not resistant to hostile
enchantments, very unstealthy
A: talons 3
a: End Transformation


You were on level 2 of the Dungeon.
You were not hungry.
You had grown temporary talons.
You visited 1 branch of the dungeon, and saw 2 of its levels.

You collected 127 gold pieces.

Inventory:

Hand Weapons
 j - a +0 hunting sling
Missiles
 a - 12 arrows
 b - 36 sling bullets
 e - 83 stones (quivered)
 m - 6 javelins
Armour
 i - a +0 robe (worn)
Jewellery
 r - a +3 ring of protection (left hand)
Scrolls
 d - a scroll of immolation {unknown}
 h - a scroll of fear {unknown}
 k - a scroll of teleportation {unknown}
 o - a scroll of fog {unknown}
Potions
 f - 2 potions of might {unknown}
 g - a potion of curing {unknown}
 l - a potion of beneficial mutation {unknown}
 n - a potion of lignification {unknown}
 p - 2 potions of degeneration {unknown}
Books
 c - a book of Changes

   Spells                             Type                      Level
   a - Beastly Appendage              Transmutation                1
   b - Sticks to Snakes               Transmutation                2
   c - Spider Form                    Transmutation/Poison         3
   d - Ice Form                       Ice/Transmutation            4
   e - Blade Hands                    Transmutation                5
Comestibles
 q - 6 chunks of flesh


   Skills:
 * Level 1.7 Fighting
 + Level 1.0 Slings
 + Level 2.5 Dodging
 + Level 0.4 Stealth
 + Level 3.5 Unarmed Combat
 + Level 2.0 Spellcasting
 + Level 2.0 Transmutations


You had 4 spell levels left.
You knew the following spells:

 Your Spells              Type           Power        Failure   Level  Hunger
a - Beastly Appendage     Trmt           #.....       12%         1    ##.....
b - Sticks to Snakes      Trmt           #.........   17%         2    ###....


Dungeon Overview and Level Annotations

Branches:
Dungeon (2/15)

Altars:

Annotations:
D:2 Natasha


Innate Abilities, Weirdness & Mutations

You have claws for feet.


Message History

Natasha zaps a wand.
The magic dart hits you!
You barely miss Natasha.
Natasha is lightly wounded.
Natasha claws you.
Natasha zaps a wand.
The magic dart hits you!
You closely miss Natasha. Your kick misses Natasha.
Natasha is lightly wounded.
Natasha stares at you and mumbles some strange words.
The magic dart hits you!
* * * LOW HITPOINT WARNING * * *
You hit Natasha but do no damage. Your kick misses Natasha. You punch Natasha.
Natasha is moderately wounded.
Natasha zaps a wand.
The magic dart hits you!
* * * LOW HITPOINT WARNING * * *
You hit Natasha.
Natasha is heavily wounded.
Your transformation is almost over.
Natasha zaps a wand.
The magic dart hits you!
* * * LOW HITPOINT WARNING * * *
Natasha claws you.
You die...

#.# #..# #
#.########..######
#.................
#####.#####.######
#.# #.# ## #.# #.#
(( #.# #.#
#(#####.#####.#
#.h@..........#
#..........####
.....########.#
#.#.## #.# # #.#
#.#.# #.# #.#.#
#.# ### #.#.# #.#
.. ##.#.# #.#


You could see Natasha.

Vanquished Creatures
  4 worms (D:2)
  7 bats
  2 giant cockroaches (D:1)
  5 goblins
  6 hobgoblins
  5 kobolds
  3 giant newts
  4 rats
36 creatures vanquished.

Notes
Turn   | Place    | Note
--------------------------------------------------------------
     0 | D:1      | fredomojojo the Human Transmuter began the quest for the Orb.
     0 | D:1      | Reached XP level 1. HP: 15/15 MP: 3/3
   171 | D:1      | Reached XP level 2. HP: 2/21 MP: 3/5
   172 | D:1      | HP: 1/21 [bat (1)]
   533 | D:1      | Learned a level 2 spell: Sticks to Snakes
   801 | D:1      | Reached XP level 3. HP: 26/26 MP: 6/6
  1516 | D:2      | Reached skill level 1 in Slings
  1516 | D:2      | Reached XP level 4. HP: 30/33 MP: 7/7
  1556 | D:2      | Noticed Natasha
  1566 | D:2      | HP: 1/33 [Natasha/wand of magic darts (3)]
  1566 | D:2      | Slain by Natasha

Vault maps used:
D:1:      dpeg_arrival_rooms_with_view, hangedman_decor_lopped, st_stairs_13,
          roderic_st_hans_cross, minivault_4, minmay_hedge_maze
D:2:      solitary_fountain, uniq_natasha

Action                   |  1- 3 |  4- 6 || total
-------------------------+-------+-------++-------
Melee: Unarmed           |    69 |     5 ||    74
 Fire: Hunting sling     |    54 |     3 ||    57
Throw: Stone             |     3 |       ||     3
 Cast: Beastly Appendage |    12 |     1 ||    13
  Eat: Bread ration      |     1 |       ||     1
